 Dungeon Crawl Stone Soup version 0.30-a0-726-gd89dcf765f (webtiles) character file.

Game seed: 14240726640909778999

95 jimonade the Cutter (level 4, 0/18 (23) HPs)
             Began as a Vine Stalker Gladiator on Jan 30, 2023.
             Slain by an orc
             ... wielding a +0 flail
              (4 damage)
             ... on level 2 of the Dungeon.
             The game lasted 00:02:55 (1433 turns).

jimonade the Cutter (Vine Stalker Gladiator)        Turns: 1433, Time: 00:02:56

HP:   0/18 (23)     AC: 10    Str: 17    XL:     4   Next: 66%
MP:   0/5           EV: 12    Int:  8    God:
Gold: 69            SH:  0    Dex: 17    Spells: 3/3 levels left

rFire   . . .      SeeInvis .    a - +0 rapier
rCold   . . .      Faith    .    (no shield)
rNeg    . . .      Spirit   +    w - +0 ring mail
rPois   .          Reflect  .    c - +0 helmet
rElec   .          Harm     .    (no cloak)
rCorr   .          Rampage  .    (no gloves)
Will    .....                    (no boots)
Stlth   +                        (no amulet)
HPRegen 1.03/turn                n - +4 ring of protection
MPRegen 0.09/turn                (no ring)

@: heavily drained
A: fangs 2, regeneration 1, magic shield, antimagic bite, no potion heal 2
a: no special abilities


You were on level 2 of the Dungeon.
You visited 1 branch of the dungeon, and saw 3 of its levels.

You collected 69 gold pieces.

Inventory:

Hand Weapons
 a - a +0 rapier (weapon)
 b - a +0 sling
 s - a +0 spear
 t - a +0 dagger
Missiles
 d - 3 throwing nets (quivered)
 e - a javelin
Armour
 c - a +0 helmet (worn)
 f - a +0 leather armour
 u - a +0 scale mail
 w - a +0 ring mail (worn)
Jewellery
 n - a +4 ring of protection (left hand)
Scrolls
 g - a scroll of immolation {unknown}
 h - a scroll of vulnerability {unknown}
 j - 3 scrolls of identify {unknown}
 l - a scroll of noise {unknown}
 o - 3 scrolls of silence {unknown}
 p - a scroll of enchant armour {unknown}
 r - a scroll of teleportation {unknown}
Potions
 i - 2 potions of curing {unknown}
 k - 3 potions of brilliance {unknown}
 m - a potion of ambrosia {unknown}
 q - a potion of invisibility {unknown}
 v - a potion of resistance {unknown}


   Skills:
 + Level 2.1 Fighting
 * Level 4.1 Short Blades
 - Level 1.7 Throwing
 + Level 0.6 Armour
 + Level 2.8 Dodging


You had 3 spell levels left.
You didn't know any spells.
Your spell library was empty.

Dungeon Overview and Level Annotations

Branches:
Dungeon (3/15)

Altars:


Innate Abilities, Weirdness & Mutations

You have extremely sharp teeth.
Your natural rate of healing is unusually fast.
When hurt, damage is shared between your health and your magic reserves.
Your bite disrupts and absorbs the magic of your enemies.
Potions cannot restore your health.


Message History

The orc barely misses you. The gnoll closely misses you.
The orc closely misses you.
You barely miss the gnoll.
The gnoll is lightly wounded.
The giant cockroach bites you but does no damage.
The orc barely misses you. The orc completely misses you.
The gnoll hits you with a +0 whip. The gnoll hits you but does no damage.
You are too injured to fight recklessly!
The giant cockroach closely misses you. The orc hits you but does no damage.
You feel drained. The gnoll hits you with a +0 whip.
The gnoll hits you with a +0 flail.
* * * LOW HITPOINT WARNING * * *
The orc hits you but does no damage.
The giant cockroach completely misses you.
You climb upwards.
There is a stone staircase leading down here.
You hit the giant cockroach but do no damage.
The orc barely misses you. The gnoll hits you with a +0 whip.
The orc hits you but does no damage.
You feel drained. The gnoll hits you with a +0 flail.
* * * LOW HITPOINT WARNING * * *
The giant cockroach bites you but does no damage.
You hit the gnoll.
The gnoll is lightly wounded.
The orc hits you with a +0 flail.
* * * LOW HITPOINT WARNING * * *
The gnoll closely misses you. The orc barely misses you.
The gnoll closely misses you.
The giant cockroach bites you but does no damage.
You hit the gnoll. Your bite misses the gnoll.
The gnoll is severely wounded.
The giant cockroach bites you but does no damage.
The gnoll closely misses you. The orc hits you but does no damage.
You feel drained. The orc barely misses you. The gnoll closely misses you.
You hit the gnoll.
The gnoll is almost dead.
The giant cockroach closely misses you. The gnoll barely misses you.
The orc hits you but does no damage.
You feel drained. The orc hits you with a +0 flail.
You die...

#....##.....###### #........
#....##.....#....#####........
#...................##........
#....##.....#....##.##........
#....................#........
#.......########.....#........
#.......# #.....###......
#.......#########.#.####......
###.#.......B@o...............
#.#.......gog##.#....####...
##............##.#...........
#....###.........#........###
#....# #.#.####..#........###
#####....###.#.......#...........
..........<#.#.........##........
#####...####.#.......#...........
# #..........#####.............


You could see 2 gnolls, 2 orcs and a giant cockroach.

Vanquished Creatures
  Jessica (D:2)
  2 gnolls
  A worm (D:2)
  A dart slug (D:2)
  An orc (D:2)
  10 ball pythons
  3 endoplasms
  A giant cockroach (D:1)
  2 goblins
  A hobgoblin (D:1)
  4 jackals (D:2)
  A quokka (D:1)
  9 bats
  2 frilled lizards (D:2)
  A kobold (D:1)
  3 rats (D:1)
43 creatures vanquished.

Notes
Turn   | Place    | Note
-------+----------+-------------------------------------------
     0 | D:1      | jimonade the Vine Stalker Gladiator began the quest for the
                  | Orb.
     0 | D:1      | Reached XP level 1. HP: 11/11 MP: 2/2
    77 | D:1      | Reached skill level 3 in Short Blades
    77 | D:1      | Reached XP level 2. HP: 15/15 MP: 3/3
   287 | D:1      | Reached XP level 3. HP: 17/18 MP: 2/4
   520 | D:1      | Found Ahyopim's Jewellery Boutique.
   728 | D:2      | Noticed Jessica
   740 | D:2      | Killed Jessica
   741 | D:2      | Gained mutation: Your natural rate of healing is unusually
                  | fast. [Vine Stalker growth]
   741 | D:2      | Reached XP level 4. HP: 19/23 MP: 5/5
  1315 | D:2      | Reached skill level 4 in Short Blades
  1433 | D:2      | Slain by an orc

Illustrated notes

Levels and vault maps discovered:
D:1:      tarquinn_simple_flora_water_e, layout_rooms, serial_shops,
          nicolae_lakefront_shop, minmay_pentomino_o4
D:2:      layout_basic, minmay_misc_feat_roman, kennysheep_flooded_box,
          uniq_jessica
D:3:      layout_rooms, uniq_pargi

Skill      XL: |  1  2  3  4 |
---------------+-------------+-----
Short Blades   | 3 4 |  4.1
Fighting       | 2 |  2.1
Throwing       | |  1.7
Armour         | |  0.6
Dodging        | |  2.8

Action                     |  1- 3 |  4- 6 || total
---------------------------+-------+-------++-------
  Melee: Rapier            |    77 |    44 ||   121
         Bite              |    12 |    13 ||    25
         Punch             |     1 |       ||     1
 Armour: Leather armour    |    41 |       ||    41
         Scale mail        |     3 |    13 ||    16
         Ring mail         |       |    22 ||    22
  Dodge: Dodged            |    73 |    45 ||   118

Table legend: (Time is in decaauts)
 A = Elapsed time spent in this place.
 B = Non-inter-level travel time spent in this place.
 C = Inter-level travel time spent in this place.
 D = Time resting spent in this place.
 E = Time spent auto-exploring this place.
 F = Levels seen in this place.
 G = Mean time per level.
                   A        B        C        D        E       F      G
               +--------+--------+--------+--------+--------+-----+--------+
         Total |   1437 |   1338 |     99 |    100 |    890 |   3 |  479.0 |
       Dungeon |   1437 |   1338 |     99 |    100 |    890 |   3 |  479.0 |
               +--------+--------+--------+--------+--------+-----+--------+

Top non-repeatable levels by time:
     D:2: 781 daAuts
     D:1: 637 daAuts
     D:3: 18 daAuts
